 Dungeon Crawl Stone Soup version 0.28.0-49-g6dfe1f597d (webtiles) character file.

Game seed: 14482630577598545535

4365 Zeld the Destroyer (level 10, 0/88 HPs)
             Began as a Black Draconian Conjurer on May 16, 2022.
             Slain by a two-headed ogre
             ... wielding a +0 giant club
              (32 damage)
             ... on level 9 of the Dungeon.
             The game lasted 00:10:56 (11863 turns).

Zeld the Destroyer (Black Draconian Conjurer)      Turns: 11863, Time: 00:10:57

Health: 0/88       AC:  7    Str: 11    XL:     10   Next: 13%
Magic:  2/20       EV: 13    Int: 22    God:
Gold:   432        SH:  0    Dex:  9    Spells: 11/22 levels left

rFire   . . .      SeeInvis .   a - +1 short sword (venom)
rCold   . . .      Faith    .   (no shield)
rNeg    . . .      Spirit   .   (armour unavailable)
rPois   +          Reflect  .   (helmet restricted)
rElec   +          Harm     .   (no cloak)
rCorr   .          Rampage  .   (no gloves)
Will    .....                   (no boots)
Stlth   +++.......              (no amulet)
HPRegen 0.24/turn               l - ring of poison resistance
MPRegen 0.17/turn               (no ring)

@: very slightly contaminated
A: breathe lightning, AC +7, unfitting armour, electricity resistance,
cold-blooded
a: Breathe Lightning


You were on level 9 of the Dungeon.
You visited 2 branches of the dungeon, and saw 10 of its levels.
You also visited: Bailey.

You collected 432 gold pieces.

Inventory:

Hand Weapons
 a - a +1 short sword of venom (weapon)
Jewellery
 l - a ring of poison resistance (left hand)
 w - a ring of protection from cold
Wands
 n - a wand of polymorph (4)
 t - a wand of acid (9)
Scrolls
 d - 2 scrolls of amnesia {unknown}
 e - 3 scrolls of teleportation {unknown}
 f - 2 scrolls of fog {unknown}
 g - a scroll of fear {unknown}
 h - 3 scrolls of identify {unknown}
 j - a scroll of immolation
 q - a scroll of enchant weapon {unknown}
 r - a scroll of holy word {unknown}
 u - a scroll of summoning {unknown}
 v - a scroll of enchant armour {unknown}
 x - a scroll of blinking {unknown}
Potions
 b - a potion of haste {unknown}
 c - 3 potions of curing {unknown}
 i - 3 potions of mutation {unknown}
 k - a potion of berserk rage {unknown}
 m - a potion of flight {unknown}
 o - a potion of magic {unknown}
 p - 3 potions of invisibility {unknown}
 s - a potion of degeneration {unknown}
 z - a potion of resistance {unknown}
 A - a potion of ambrosia {unknown}


   Skills:
 * Level 7.9 Fighting
 + Level 4.8 Dodging
 + Level 5.3 Stealth
 * Level 6.9 Spellcasting
 * Level 8.2 Conjurations
 - Level 2.0 Hexes
 - Level 2.0 Translocations


You had 11 spell levels left.
You knew the following spells:

 Your Spells              Type           Power      Damage    Failure   Level
a - Magic Dart            Conj           100%       1d8       1%          1
b - Searing Ray           Conj           88%        2d7       1%          2
c - Fulminant Prism       Conj/Hex       15%        3d11      10%         4
d - Iskenderun's Mystic   Conj/Tloc      30%        2d8       10%         4

Your spell library contained the following spells:

 Spells                   Type           Power      Damage    Failure   Level
 Shock                    Conj/Air       100%       1d9       1%          1
 Dazzling Flash           Conj/Hex       60%        N/A       3%          3
 Sting                    Tmut/Pois      28%        1d4       9%          1
 Poisonous Vapours        Pois/Air       14%        N/A       13%         2
 Ozocubu's Armour         Ice            7%         N/A       26%         3
 Swiftness                Air            7%         N/A       26%         3
 Airstrike                Air            3%         N/A       63%         4
 Olgreb's Toxic Radiance  Pois           7%         N/A       63%         4
 Silence                  Hex/Air        6%         N/A       83%         5
 Agony                    Necr           7%         N/A       93%         5
 Ozocubu's Refrigeration  Ice            3%         4d5       100%        7


Dungeon Overview and Level Annotations

Branches:
Dungeon (9/15)             Temple (1/1) D:5          Bailey (visited)
   Lair: D:8-11         Orc: D:9-12

Altars:
Ashenzari
Cheibriados
Dithmenos
Elyvilon
Gozag
Hepliaklqana
Makhleb
Nemelex Xobeh
Okawaru
Qazlal
Ru
Trog
Uskayaw
Wu Jian
Xom
Zin
The Shining One

Shops:
D:8 :

Annotations:
D:8 1 runed translucent door, acdeimund's ghost, novice MfGl


Innate Abilities, Weirdness & Mutations

You can breathe wild blasts of lightning.
Your glossy black scales are hard. (AC +7)
You cannot fit into any form of body armour.
You are resistant to electric shocks. (rElec)
You are cold-blooded and may be slowed by cold attacks.


Message History

The mystic blast hits the howler monkey zombie.
You destroy the howler monkey zombie!
The mystic blast hits the wyvern.
The wyvern is moderately wounded.
The wyvern is knocked back by the mystic blast.
Unknown command.
Casting: Iskenderun's Mystic Blast (dangerous; 10% risk of failure)
Confirm with . or Enter, or press ? or * to list all spells.
You can't see any susceptible monsters within range! (Use Z to cast anyway.)
Casting: Iskenderun's Mystic Blast (dangerous; 10% risk of failure)
Confirm with . or Enter, or press ? or * to list all spells.
You can't see any susceptible monsters within range! (Use Z to cast anyway.)
The wyvern barely misses you.
Casting: Iskenderun's Mystic Blast (dangerous; 10% risk of failure)
Confirm with . or Enter, or press ? or * to list all spells.
You erupt in a blast of force!
The mystic blast hits the wyvern.
The wyvern is heavily wounded.
The wyvern is knocked back by the mystic blast.
Casting: Iskenderun's Mystic Blast (dangerous; 10% risk of failure)
Confirm with . or Enter, or press ? or * to list all spells.
You miscast Iskenderun's Mystic Blast.
You are very lightly contaminated with residual magic.
The air around you crackles with energy!
A two-headed ogre comes into view. It is wielding two +0 giant clubs.
Unknown command.
The wyvern bites you. The wyvern bites you! The wyvern bites you.
The wyvern bites you!
Casting: Iskenderun's Mystic Blast (dangerous; 10% risk of failure)
Confirm with . or Enter, or press ? or * to list all spells.
You erupt in a blast of force!
The mystic blast hits the wyvern.
The wyvern is severely wounded.
The mystic blast hits the two-headed ogre!
The two-headed ogre is lightly wounded.
The two-headed ogre is knocked back by the mystic blast.
The wyvern bites you! The wyvern misses you.
Unknown command.
Unknown command.
The two-headed ogre hits you with a +0 giant club!!
You die...

#.........# ..#
#.........##..#
#.............#
#..............
#............
#.........#
#.........#
#...l.....#
#..@O.....#
#.........#
............#
..............#
..##..........#
. #....[.....#
#..........#
#..........#


You could see a two-headed ogre and a wyvern.

Vanquished Creatures
  A cyclops (D:6)
  A hornet (D:7)
  Prince Ribbit (Bailey)
  3 humans (Bailey)
  2 steam dragons
  2 water moccasins (D:6)
  2 sky beasts (D:6)
  3 orc warriors
  An ice beast (D:5)
  An ogre (D:5)
  A black bear (D:4)
  A necrophage (D:7)
  A centaur (D:6)
  2 phantoms
  A kobold brigand (D:8)
  11 bullfrogs
  A wyvern skeleton (D:7)
  A centaur skeleton (D:5)
  3 hounds
  A jelly (D:7)
  3 orc priests
  A bullfrog skeleton (D:5)
  Jessica (D:2)
  3 iguanas
  Natasha (thrice) (D:3)
  4 orc wizards (D:4)
  A howler monkey zombie (D:9)
  A howler monkey skeleton (D:6)
  A gnoll (Bailey)
  9 adders
  2 shadow imps
  2 white imps
  An ufetubus (D:7)
  An adder skeleton (D:4)
  4 worms
  5 dart slugs
  22 orcs
  8 endoplasms
  A giant cockroach (D:4)
  11 goblins
  7 hobgoblins
  4 jackals (D:1)
  6 quokkas
  6 ball pythons
  9 bats
  6 frilled lizards
  2 goblin zombies (D:8)
  3 hobgoblin zombies (D:8)
  12 kobolds
  A kobold skeleton (D:8)
  2 orc skeletons (D:8)
  3 orc zombies (D:8)
  9 rats
194 creatures vanquished.

Vanquished Creatures (others)
  2 fungi (D:5)
2 creatures vanquished.

Grand Total: 196 creatures vanquished

Notes
Turn   | Place    | Note
-------+----------+-------------------------------------------
     0 | D:1      | Zeld the Draconian Conjurer began the quest for the Orb.
     0 | D:1      | Reached XP level 1. HP: 14/14 MP: 3/3
   338 | D:1      | Reached XP level 2. HP: 22/22 MP: 1/5
   433 | D:1      | Reached skill level 1 in Fighting
   477 | D:1      | You fall into a shaft and drop 1 floor!
   840 | D:2      | Learned a level 2 spell: Searing Ray
   956 | D:1      | Reached XP level 3. HP: 15/28 MP: 6/6
  1133 | D:1      | Found a faded altar of an unknown god.
  1585 | D:2      | Noticed Jessica
  1587 | D:2      | Killed Jessica
  1588 | D:2      | Reached XP level 4. HP: 18/36 MP: 3/8
  2614 | D:3      | Noticed Natasha
  2623 | D:3      | Killed Natasha
  2624 | D:3      | Reached XP level 5. HP: 37/42 MP: 4/9
  2668 | D:3      | Noticed Natasha
  2676 | D:3      | Killed Natasha
  2737 | D:3      | Noticed Natasha
  2745 | D:3      | Killed Natasha
  2844 | D:3      | Found a hazy altar of Hepliaklqana.
  3104 | D:3      | Found a bloodstained altar of Trog.
  3521 | D:3      | Reached skill level 5 in Conjurations
  3676 | D:4      | Reached XP level 6. HP: 51/51 MP: 7/11
  3684 | D:4      | Learned a level 4 spell: Fulminant Prism
  3694 | D:3      | Learned a level 4 spell: Iskenderun's Mystic Blast
  4909 | D:4      | Your scales start taking on a glossy black colour.
  4909 | D:4      | Reached XP level 7. HP: 46/58 MP: 12/12
  4909 | D:4      | Gained mutation: You are resistant to electric shocks.
                  | (rElec) [Black Draconian growth]
  5144 | D:5      | Entered Level 5 of the Dungeon
  5242 | D:5      | Reached skill level 1 in Translocations
  5296 | D:5      | Found a staircase to the Ecumenical Temple.
  5343 | D:5      | Reached skill level 1 in Hexes
  6059 | D:6      | Found a shimmering altar of Xom.
  6108 | Temple   | Entered the Ecumenical Temple
  6404 | D:5      | Reached XP level 8. HP: 36/67 MP: 8/14
  6565 | D:5      | Found a sparkling altar of Nemelex Xobeh.
  6692 | D:5      | Reached skill level 6 in Conjurations
  7045 | D:6      | Reached skill level 5 in Fighting
  7349 | D:6      | HP: 1/68 [orc warrior/+0 mace (16)]
  7704 | D:6      | Reached skill level 5 in Spellcasting
  7712 | D:6      | Noticed a cyclops
  7725 | D:6      | Killed a cyclops
  8298 | D:7      | Reached XP level 9. HP: 54/75 MP: 17/17
  8478 | D:7      | Reached skill level 7 in Conjurations
  8698 | D:7      | Found a broken altar of Ashenzari.
  8886 | D:7      | Found a flagged portal.
  8895 | Bailey   | Entered a bailey
  9523 | Bailey   | Reached skill level 5 in Stealth
  9765 | Bailey   | Noticed Prince Ribbit
  9765 | Bailey   | Noticed a vault guard
  9786 | Bailey   | Killed Prince Ribbit
 10143 | D:7      | Reached skill level 8 in Conjurations
 10433 | D:7      | Reached XP level 10. HP: 88/88 MP: 11/20
 10810 | D:8      | Found Tudidos's Book Boutique.
 11080 | D:8      | Found a glowing golden altar of the Shining One.
 11540 | D:8      | Found a burning altar of Makhleb.
 11726 | D:8      | Found a runed translucent door.
 11726 | D:8      | Noticed acdeimund's ghost (novice MfGl)
 11856 | D:9      | Noticed a two-headed ogre
 11863 | D:9      | Slain by a two-headed ogre

Illustrated notes

Levels and vault maps discovered:
D:1:      dpeg_arrival_tiny_c, layout_rooms, shapermc_ecumenical_altar_venn,
          hangedman_decor_riveting
D:2:      minmay_chambers_of_ones, layout_loops_cross, minmay_tromino_v4_c,
          uniq_jessica
D:3:      layout_loops_ring, lemuel_crystal_altar, nzn_hepliaklqana_mist_gate,
          hangedman_decor_slide_cut, minmay_crystal_room, grunt_decor_fettered,
          minmay_quantized, uniq_natasha
D:4:      nicolae_cairo_tiling_large, layout_cave_pools
D:5:      layout_rooms, mainiacjoe_overflow_boulevard,
          minmay_temple_entry_from_below_a, minmay_holes
D:6:      layout_loops_corners, xom_teletrap_fun, minmay_three_doors
D:7:      layout_basic, general_overflow_altar, enter_bailey_2,
          grunt_decor_clamped, dk_noncrumbling_3
D:8:      layout_rooms, nicolae_tso_besieged_by_evil,
          mainiacjoe_overflow_catwalk, ebering_ghost_inner_flame, serial_shops,
          shop, minmay_liquid_box, minmay_misc_feat_enclosed
D:9:      layout_long_grid, lemuel_coloured_pillars_altar
Temple:   jpeg_temple_alley_garden

Skill      XL: |  1  2  3  4  5  6  7  8  9 |
---------------+----------------------------+-----
Fighting       | 1 2 3 4 6 7 |  7.9
Stealth        | 2 3 4 5 |  5.3
Dodging        | 2 3 4 |  4.8
Spellcasting   | 3 4 5 6 |  6.9
Conjurations   | 5 6 8 |  8.2
Translocations | 1 2 |  2.0
Hexes          | 1 2 |  2.0

Action                   |  1- 3 |  4- 6 |  7- 9 | 10-12 || total
-------------------------+-------+-------+-------+-------++-------
Melee: Unarmed           |    36 |       |       |       ||    36
       Tailslap          |    10 |    20 |    37 |    12 ||    79
       Short sword       |    53 |   183 |   220 |    58 ||   514
       Punch             |       |     2 |     5 |     2 ||     9
 Cast: Magic Dart        |    36 |       |       |       ||    36
       Searing Ray       |     1 |    11 |    29 |       ||    41
       Iskenderun's Myst |       |       |     7 |    14 ||    21
 Abil: Breathe Lightning |       |       |     1 |       ||     1
 Stab: Sleeping          |     1 |     5 |     2 |     3 ||    11
Armor: Skin              |    46 |    77 |    74 |    36 ||   233
Dodge: Dodged            |   122 |   141 |   216 |    62 ||   541
